 Dungeon Crawl Stone Soup version 0.27.1-33-g824d729ab1 (webtiles) character file.

Game seed: 13489814946249563008

142 eliilek the Shield-Bearer (level 5, -1/46 HPs)
             Began as a Minotaur Fighter on Dec 31, 2021.
             Was an Initiate of Gozag.
             Slain by an orc wizard (2 damage)
             ... on level 2 of the Dungeon.
             The game lasted 00:06:39 (2221 turns).

eliilek the Shield-Bearer (Minotaur Fighter)        Turns: 2221, Time: 00:06:40

Health: -1/46      AC:  7    Str: 20    XL:     5   Next: 4%
Magic:  4/4        EV:  7    Int:  5    God:    Gozag
Gold:   416        SH: 10    Dex: 11    Spells: 4/4 levels left

rFire    . . .     SeeInvis .   a - +0 flail
rCold    . . .     Faith    .   c - +0 kite shield
rNeg     . . .     Spirit   .   i - +0 scale mail
rPois    .         Reflect  .   (helmet restricted)
rElec    .         Harm     .   (no cloak)
rCorr    .         Rampage  .   (no gloves)
Will     .....                  (no boots)
Stlth    ..........             (no amulet)
HPRegen  0.15/turn              (no ring)
MPRegen  0.09/turn              (no ring)

@: gold aura, flying
A: horns 2, retaliatory headbutt
a: Renounce Religion, Potion Petition, Call Merchant, Bribe Branch


You were on level 2 of the Dungeon.
You worshipped Gozag.
Gozag was aware of your devotion.
You visited 1 branch of the dungeon, and saw 3 of its levels.

You collected 416 gold pieces.

Inventory:

Hand Weapons
 a - a +0 flail (weapon)
 b - a +0 hunting sling
Missiles
 j - 57 stones (quivered)
Armour
 c - a +0 kite shield (worn)
 i - a +0 scale mail (worn)
Wands
 n - a wand of flame (6)
Scrolls
 e - a scroll of fear {unknown}
 f - a scroll of enchant weapon {unknown}
 h - a scroll of noise {unknown}
 k - a scroll of identify {unknown}
 m - a scroll of teleportation {unknown}
Potions
 d - a potion of might
 g - a potion of flight
 l - a potion of curing {unknown}
 o - a potion of heal wounds {unknown}


   Skills:
 + Level 4.2 Fighting
 * Level 4.1 Maces & Flails
 + Level 4.3 Armour
 * Level 5.1 Shields


You had 4 spell levels left.
You didn't know any spells.
Your spell library was empty.

Dungeon Overview and Level Annotations

Branches:
Dungeon (3/15)

Altars:
Gozag


Innate Abilities, Weirdness & Mutations

You have a pair of horns on your head.
You reflexively headbutt those who attack you in melee.


Message History

The adder is almost dead.
The adder closely misses you. Something hits you.
The adder bites you but does no damage.
You miss the adder.
The adder is almost dead.
The adder bites you but does no damage.
You hear some strange, mumbled words.
A magic dart appears from out of thin air!
The magic dart hits you!
* * * LOW HITPOINT WARNING * * *
You block the adder's attack.
You hear some strange, mumbled words.
A puff of flame appears from out of thin air!
The puff of flame misses you. The adder closely misses you.
Something hits you but does no damage.
You climb upwards.
Reactivating autopickup.
There is a stone staircase leading down here.
You closely miss the adder.
The adder is almost dead.
The adder bites you but does no damage. Something hits you.
* * * LOW HITPOINT WARNING * * *
Deactivating autopickup; reactivate with Ctrl-A.
The adder bites you but does no damage.
You thump the adder!
You kill the adder!
Something hits you.
* * * LOW HITPOINT WARNING * * *
You have reached level 5!
It was a potion of flight.
You feel very buoyant.
You fly up into the air.
Something hits you but does no damage.
You closely miss something. Something hits you.
* * * LOW HITPOINT WARNING * * *
Something hits you but does no damage.
You closely miss something. Something hits you.
* * * LOW HITPOINT WARNING * * *
You closely miss something. Something hits you.
You die...
Your body crumbles into a pile of gold.

##.#####.# #.##########.#..#
#.# #.# #.#.>........#..#
##.# #.# #.#^.........#..#
##.## ##.###.......<....#..#
....# #.................#..#
##..###..####..............#
##........)............##.##
##.......####..[.......##.#
.........# #...@{........#
########## #...$......####
#......##### ########


There were no monsters in sight!

Vanquished Creatures
  Jessica (D:2)
  3 gnolls (D:2)
  2 adders (D:2)
  A worm (D:2)
  2 orcs (D:2)
  6 endoplasms
  2 giant cockroaches (D:2)
  12 goblins
  3 hobgoblins
  7 kobolds
  5 quokkas
  6 ball pythons (D:2)
  6 bats (D:1)
  2 frilled lizards (D:2)
  6 rats
64 creatures vanquished.

Notes
Turn   | Place    | Note
-------+----------+-------------------------------------------
     0 | D:1      | eliilek the Minotaur Fighter began the quest for the Orb.
     0 | D:1      | Reached XP level 1. HP: 19/19 MP: 0/0
   210 | D:1      | Reached XP level 2. HP: 27/27 MP: 1/1
   240 | D:1      | Reached skill level 4 in Shields
   458 | D:1      | Found a faded altar of an unknown god.
   472 | D:1      | Became a worshipper of Gozag Ym Sagoz the Greedy
   837 | D:1      | Reached XP level 3. HP: 33/33 MP: 2/2
  1457 | D:2      | Reached XP level 4. HP: 34/40 MP: 3/3
  1794 | D:2      | Noticed Jessica
  1820 | D:2      | Killed Jessica
  1821 | D:2      | Reached skill level 5 in Shields
  2218 | D:2      | Reached XP level 5. HP: 4/46 MP: 4/4
  2219 | D:2      | HP: 2/46 [something (2)]
  2221 | D:2      | Slain by an orc wizard

Illustrated notes

Levels and vault maps discovered:
D:1:      matt_arrival_los_fun, layout_basic, hellmonk_ecumenical_altar_zigzags,
          chequers_serial_rivers_small_b, solitary_fountain,
          kennysheep_minor_cross, nrook_mini_backslash,
          chequers_serial_rivers_room_a, minivault_26,
          hangedman_decor_peaks_small
D:2:      layout_loops_ring, minmay_three_crescents, uniq_jessica
D:3:      layout_basic, okawaru_trees_1,
          nicolae_hepliaklqana_ecumenical_no_more, uniq_sigmund

Skill      XL: |  1  2  3  4 |
---------------+-------------+-----
Shields        | 4 5 |  5.1
Maces & Flails | 3 4 |  4.1
Fighting       | 4 |  4.2
Armour         | 4 |  4.3

Action                   |  1- 3 |  4- 6 || total
-------------------------+-------+-------++-------
Melee: Flail             |    89 |    62 ||   151
       Headbutt          |     7 |     2 ||     9
 Fire: Hunting sling     |     3 |    22 ||    25
  Use: Potion            |       |     1 ||     1
Armor: Scale mail        |    33 |    32 ||    65
Dodge: Dodged            |    29 |    27 ||    56
Block: Kite shield       |    39 |    32 ||    71
